 Dungeon Crawl Stone Soup version 0.22-a0-246-gdc04c06 (webtiles) character file.

63 wolfsongas the Skirmisher (level 4, -3/41 HPs)
             Began as a Gnoll Wanderer on Feb 23, 2018.
             Slain by Natasha (4 damage)
             ... on level 2 of the Dungeon.
             The game lasted 00:01:54 (756 turns).

wolfsongas the Skirmisher (Gnoll Wanderer)           Turns: 756, Time: 00:01:55

Health: -3/41      AC: 10    Str: 16    XL:     4   Next: 9%
Magic:  5/5        EV:  9    Int: 15    God:
Gold:   56         SH:  0    Dex: 13    Spells: 5/5 levels left

rFire    . . .     SeeInvis .   d - +0 club
rCold    . . .     Gourm    .   (no shield)
rNeg     . . .     Faith    .   a - +3 scale mail
rPois    .         Spirit   .   (no helmet)
rElec    .         Reflect  .   (no cloak)
rCorr    .         Harm     .   (no gloves)
MR       .....                  (no boots)
Stlth    ..........             (no amulet)
HPRegen  0.13/turn              (no ring)
MPRegen  0.09/turn              (no ring)

@: no status effects
A: distributed training, fangs 1, strong nose
a: no special abilities


You were on level 2 of the Dungeon.
You were not hungry.

You visited 1 branch of the dungeon, and saw 2 of its levels.

You collected 56 gold pieces.

Inventory:

Hand Weapons
 d - a +0 club (weapon)
Armour
 a - a +3 scale mail (worn)
Potions
 b - a potion of lignification
 c - 3 potions of curing
 e - a potion of brilliance
Comestibles
 f - 2 rations
 g - 6 chunks of flesh


   Skills:
 + Level 6.5 Fighting
 + Level 1.0 Short Blades
 + Level 4.6 Long Blades
 + Level 1.0 Axes
 + Level 2.7 Maces & Flails
 + Level 1.0 Polearms
 + Level 1.0 Staves
 + Level 1.0 Slings
 + Level 1.0 Bows
 + Level 1.0 Crossbows
 + Level 2.7 Throwing
 + Level 4.6 Armour
 + Level 1.0 Dodging
 + Level 1.0 Stealth
 + Level 2.7 Shields
 + Level 1.0 Unarmed Combat
 + Level 1.0 Spellcasting
 + Level 0.7 Conjurations
 + Level 0.7 Hexes
 + Level 0.7 Charms
 + Level 0.7 Summonings
 + Level 0.7 Necromancy
 + Level 0.7 Translocations
 + Level 0.7 Transmutations
 + Level 0.7 Fire Magic
 + Level 0.7 Ice Magic
 + Level 0.7 Air Magic
 + Level 0.7 Earth Magic
 + Level 0.7 Poison Magic
 + Level 1.1 Invocations
 + Level 1.0 Evocations


You had 5 spell levels left.
You didn't know any spells.

Dungeon Overview and Level Annotations

Branches:
Dungeon (1/15)

Altars:
Cheibriados

Annotations:
D:2 Natasha


Innate Abilities, Weirdness & Mutations

Your experience applies equally to all skills.
You have very sharp teeth.
Your uncanny sense of smell can sniff out nearby items.


Message History

Your surroundings suddenly seem different.
Natasha, Servant of Life and Death comes into view.
Natasha hisses angrily.
Natasha mumbles some strange words.
You are too injured to fight recklessly!
Natasha stares at you and mumbles some strange words.
The magic dart hits you! The shadow imp gestures at you.
Pain shoots through your body!
* * * LOW HITPOINT WARNING * * *
Natasha casts a spell at you. You resist with some effort.
Found a black potion.
You barely miss Natasha. Your bite misses Natasha.
Natasha mewls in sadness.
Natasha barely misses you.
You hit Natasha. You bite Natasha, but do no damage.
Natasha is lightly wounded.
Natasha claws you.
You die...

.. !.. # ....
#.######## #....
.........###....
.............#
..........5..##
.........@h...#
.................
.................
.................
.................
.................
###...#..##...##.
..##..## ####


You could see Natasha and a shadow imp.

Vanquished Creatures
  An adder (D:2)
  3 worms (D:2)
  A dart slug (D:1)
  A leopard gecko (D:1)
  A ball python (D:1)
  7 goblins (D:1)
  5 hobgoblins
  4 jackals
  4 kobolds
  A quokka (D:2)
  5 bats
  A frilled lizard (D:1)
  5 rats
39 creatures vanquished.

Notes
Turn   | Place    | Note
-------+----------+-------------------------------------------
     0 | D:1      | wolfsongas the Gnoll Wanderer began the quest for the Orb.
     0 | D:1      | wolfsongas set off with: a +2 scale mail, a potion of lignification, a potion of curing, a +0 club, a ration
     0 | D:1      | Reached XP level 1. HP: 23/23 MP: 1/1
   110 | D:1      | Reached XP level 2. HP: 26/29 MP: 2/2
   310 | D:1      | Reached XP level 3. HP: 32/35 MP: 3/3
   544 | D:1      | You fall through a shaft!
   564 | D:2      | Reached skill level 1 in Invocations
   609 | D:2      | Found a snail-covered altar of Cheibriados.
   651 | D:2      | Reached skill level 1 in Short Blades
   651 | D:2      | Reached skill level 1 in Axes
   651 | D:2      | Reached skill level 1 in Polearms
   651 | D:2      | Reached skill level 1 in Staves
   651 | D:2      | Reached skill level 1 in Slings
   651 | D:2      | Reached skill level 1 in Bows
   651 | D:2      | Reached skill level 1 in Crossbows
   651 | D:2      | Reached skill level 1 in Dodging
   651 | D:2      | Reached skill level 1 in Stealth
   651 | D:2      | Reached skill level 1 in Unarmed Combat
   651 | D:2      | Reached skill level 1 in Spellcasting
   651 | D:2      | Reached skill level 1 in Evocations
   739 | D:2      | Reached XP level 4. HP: 20/41 MP: 5/5
   752 | D:2      | Noticed Natasha
   753 | D:2      | HP: 1/41 [shadow imp/nerve-wracking pain[Natasha] (13)]
   756 | D:2      | Slain by Natasha

Vault maps used:
D:1:      enne_arrival_octagon_isle
D:2:      old_standard_altar, nicolae_overflow_hidden_temple, uniq_natasha

Skill      XL: |  1  2  3 |
---------------+----------+-----
Invocations    | 1 |  1.1
Short Blades   | 1 |  1.0
Axes           | 1 |  1.0
Polearms       | 1 |  1.0
Staves         | 1 |  1.0
Slings         | 1 |  1.0
Bows           | 1 |  1.0
Crossbows      | 1 |  1.0
Dodging        | 1 |  1.0
Stealth        | 1 |  1.0
Unarmed Combat | 1 |  1.0
Spellcasting   | 1 |  1.0
Evocations     | 1 |  1.0
Fighting       | |  6.5
Long Blades    | |  4.6
Maces & Flails | |  2.7
Throwing       | |  2.7
Armour         | |  4.6
Shields        | |  2.7
Conjurations   | |  0.7
Hexes          | |  0.7
Charms         | |  0.7
Summonings     | |  0.7
Necromancy     | |  0.7
Translocations | |  0.7
Transmutations | |  0.7
Fire Magic     | |  0.7
Ice Magic      | |  0.7
Air Magic      | |  0.7
Earth Magic    | |  0.7
Poison Magic   | |  0.7

Action                   |  1- 3 |  4- 6 || total
-------------------------+-------+-------++-------
Melee: Club              |   183 |     9 ||   192
       Bite              |    11 |     3 ||    14
       Punch             |       |     1 ||     1
  Use: Potion            |     3 |       ||     3
       Scroll            |     2 |     2 ||     4
Armor: Scale mail        |    91 |     3 ||    94
Dodge: Dodged            |   131 |     1 ||   132

Table legend:
 A = Spawn XP
 B = Non-spawn XP
 C = Spawn XP percentage of total XP
 D = Spawn monster count
 E = Non-spawn monster count
 F = Spawn count percentage of total count
 G = Total turns spent on level
                    A         B        C        D         E        F      G
               +---------+---------+-------+---------+---------+-------+---------
         Total |       0 |      90 |   0.0 |       0 |      39 |   0.0 |   756
               +---------+---------+-------+---------+---------+-------+---------
           D:1 |       0 |      48 |   0.0 |       0 |      26 |   0.0 |   544
           D:2 |       0 |      42 |   0.0 |       0 |      13 |   0.0 |   212
               +---------+---------+-------+---------+---------+-------+---------
